 Dungeon Crawl Stone Soup version 0.23.2 (webtiles) character file.

Game seed: 2731405190567538774

233 Borgoz the Sneak (level 6, -2/50 HPs)
             Began as a Ghoul Enchanter on Apr 4, 2019.
             Was an Initiate of Ashenzari.
             Slain by Crazy Yiuf
             ... wielding a +4 quarterstaff of chaos
              (3 damage)
             ... while petrified by Crazy Yiuf
             ... on level 2 of the Dungeon.
             The game lasted 00:03:52 (1916 turns).

Borgoz the Sneak (Ghoul Enchanter)                  Turns: 1916, Time: 00:03:53

Health: -2/50      AC:  7    Str: 12    XL:     6   Next: 4%
Magic:  7/7        EV:  2    Int: 10    God:    Ashenzari [......]
Gold:   94         SH:  0    Dex: 11    Spells: 7/8 levels left

rFire    . . .     SeeInvis .   p - +0 short sword (curse)
rCold    + . .     Gourm    .   (no shield)
rNeg     + + +     Faith    .   n - +3 leather armour
rPois    ∞         Spirit   .   (no helmet)
rElec    .         Reflect  .   q - +0 cloak
rCorr    .         Harm     .   (no gloves)
MR       .....                  (no boots)
Stlth    ++........             (no amulet)
HPRegen  0.00/turn              j - ring of wizardry
MPRegen  0.10/turn              (no ring)

@: petrified, very slightly contaminated, rotting, hasted
A: rotting body, claws 1, carnivore, cold resistance 1, negative energy
resistance 3, inhibited regeneration, torment resistance, unbreathing
a: Curse Item, Renounce Religion


You were on level 2 of the Dungeon.
You worshipped Ashenzari.
Ashenzari was noncommittal.
You were not hungry.

You visited 1 branch of the dungeon, and saw 2 of its levels.

You collected 94 gold pieces.

Inventory:

Hand Weapons
 p - a cursed +0 short sword (weapon)
Armour
 n - a +3 leather armour (worn)
 q - a +0 cloak (worn)
Jewellery
 j - a ring of wizardry (left claw)
Scrolls
 c - 2 scrolls of remove curse
 e - a scroll of teleportation {unknown}
 f - a scroll of amnesia {unknown}
 h - a scroll of blinking {unknown}
 i - a scroll of fog {unknown}
 m - a scroll of fear {unknown}
Comestibles
 a - 3 chunks of flesh
 d - 4 rations


   Skills:
 + Level 2.5 Fighting
 * Level 3.2 Short Blades
 + Level 2.1 Armour
 + Level 2.9 Dodging
 - Level 3.2 Stealth
 - Level 1.7 Spellcasting
 - Level 2.4 Hexes


You had 7 spell levels left.
You knew the following spells:

 Your Spells              Type           Power        Failure   Level  Hunger
a - Corona                Hex            #......      6%          1    ##.....

Your spell library contained the following spells:

 Spells                   Type           Power        Failure   Level  Hunger
 Ensorcelled Hibernation  Hex/Ice        #.....       16%         2    ###....
 Confuse                  Hex            #.......     17%         3    ####...
 Tukima's Dance           Hex            #.......     17%         3    ####...
 Dazzling Spray           Conj/Hex       #.....       28%         3    ####...


Dungeon Overview and Level Annotations

Branches:
Dungeon (2/15)

Altars:
Ashenzari
Cheibriados
Wu Jian

Annotations:
D:2 Crazy Yiuf


Innate Abilities, Weirdness & Mutations

Your body is rotting away.
You thrive on raw meat.
You are immune to poison.
You have sharp fingernails.
You are carnivorous and can eat meat at any time.
Your flesh is cold resistant. (rC+)
You are immune to negative energy. (rN+++)
You do not regenerate when monsters are visible.
You are immune to unholy pain and torment.
You can survive without breathing.


Message History

* * * LOW HITPOINT WARNING * * *
You have turned to stone.
You feel less invigorated.
You feel less confused.
Crazy Yiuf hits you with a +4 quarterstaff of chaos!
* * * LOW HITPOINT WARNING * * *
Crazy Yiuf burns you.
You feel yourself speed up.
Crazy Yiuf hits you with a +4 quarterstaff of chaos.
* * * LOW HITPOINT WARNING * * *
Crazy Yiuf hits you with a +4 quarterstaff of chaos.
* * * LOW HITPOINT WARNING * * *
Crazy Yiuf burns you.
Crazy Yiuf says, "Tonal!
Dawk Xom aubergine."
Crazy Yiuf hits you with a +4 quarterstaff of chaos!
* * * LOW HITPOINT WARNING * * *
Crazy Yiuf burns you.
* * * LOW HITPOINT WARNING * * *
Crazy Yiuf hits you with a +4 quarterstaff of chaos!
You die...

#...##......# +......#....##...
#.#.........# #......#....##...
+.#....................#....#####
# ###...################....'....
#...# #....####. #.###.#########
##...#.... #......#...)#.### ###
#....#.##. ######......)#.)##)..#
#....#.... #......####@g.).#
##...#.... ##....## ###.))#
....##.#. ###### ### #.... ....
##... # ##


You could see Crazy Yiuf.

Vanquished Creatures
  Sigmund (D:2)
  Jessica (D:2)
  An adder (D:2)
  An ooze (D:1)
  4 dart slugs
  3 leopard geckos
  3 bats
  A giant cockroach (D:1)
  3 goblins (D:1)
  8 hobgoblins
  5 kobolds
  A frilled lizard (D:2)
  2 rats (D:2)
34 creatures vanquished.

Notes
Turn   | Place    | Note
-------+----------+-------------------------------------------
     0 | D:1      | Borgoz the Ghoul Enchanter began the quest for the Orb.
     0 | D:1      | Reached XP level 1. HP: 14/14 MP: 2/2
     8 | D:1      | Reached skill level 1 in Short Blades
   248 | D:1      | Reached XP level 2. HP: 20/22 MP: 3/3
   759 | D:1      | Reached skill level 1 in Fighting
   809 | D:1      | Reached XP level 3. HP: 24/28 MP: 4/4
  1371 | D:2      | Reached skill level 1 in Armour
  1598 | D:2      | Found a shattered altar of Ashenzari.
  1598 | D:2      | Found a snail-covered altar of Cheibriados.
  1599 | D:2      | Found an ornate altar of the Wu Jian Council.
  1613 | D:2      | Became a worshipper of Ashenzari the Shackled
  1614 | D:2      | Noticed Jessica
  1627 | D:2      | Killed Jessica
  1627 | D:2      | Reached XP level 4. HP: 21/35 MP: 5/5
  1696 | D:2      | Noticed Sigmund
  1738 | D:2      | Killed Sigmund
  1738 | D:2      | Reached XP level 5. HP: 26/42 MP: 6/6
  1738 | D:2      | Reached XP level 6. HP: 32/50 MP: 7/7
  1881 | D:2      | Found a runed translucent door.
  1882 | D:2      | Noticed Crazy Yiuf
  1915 | D:2      | HP: 2/50 [Crazy Yiuf/+4 quarterstaff of chaos (4)]
  1916 | D:2      | Slain by Crazy Yiuf

Skill      XL: |  1  2  3  4 |
---------------+-------------+-----
Short Blades   | 1 2 3 |  3.2
Dodging        | 2 |  2.9
Fighting       | 1 2 |  2.5
Armour         | 1 2 |  2.1
Stealth        | |  3.2
Spellcasting   | |  1.7
Hexes          | |  2.4

Action                   |  1- 3 |  4- 6 || total
-------------------------+-------+-------++-------
Melee: Dagger            |   134 |       ||   134
       Short sword       |     9 |    64 ||    73
  Use: Potion            |       |     6 ||     6
 Stab: Sleeping          |     3 |       ||     3
  Eat: Chunk             |     3 |     3 ||     6
Armor: Robe              |     2 |       ||     2
       Scale mail        |    16 |       ||    16
       Leather armour    |    38 |    18 ||    56
Dodge: Dodged            |    96 |    42 ||   138
